 Dungeon Crawl Stone Soup version 0.21.1-1-g345015f (webtiles) character file.

15 lyrx the Sneak (level 2, -3/13 HPs)
             Began as a Spriggan Enchanter on Mar 3, 2018.
             Killed by nerve-wracking pain
             ... invoked by Jessica
              (11 damage)
             ... on level 2 of the Dungeon.
             The game lasted 00:04:33 (1338 turns).

lyrx the Sneak (Spriggan Enchanter)                 Turns: 1338, Time: 00:04:34

Health: -3/13      AC:  2    Str:  4    XL:     2   Next: 34%
Magic:  5/6        EV: 18    Int: 16    God:
Gold:   77         SH:  0    Dex: 16    Spells: 3/6 levels left

rFire    . . .     SeeInvis +   a - +1 dagger
rCold    . . .     Gourm    .   (shield restricted)
rNeg     . . .     Faith    .   b - +0 robe
rPois    .         Spirit   .   (helmet restricted)
rElec    .         Reflect  .   (no cloak)
rCorr    .         Harm     .   (gloves unavailable)
MR       .....                  (boots unavailable)
Stlth    +++.......             (no amulet)
HPRegen  0.04/turn              (no ring)
MPRegen  0.10/turn              (no ring)

@: very quick
A: very small, unfitting armour, see invisible, herbivore, speed 3, slow
metabolism 2
a: no special abilities


You were on level 2 of the Dungeon.
You were not hungry.

You visited 1 branch of the dungeon, and saw 2 of its levels.

You collected 77 gold pieces.

Inventory:

Hand Weapons
 a - a +1 dagger (weapon)
Missiles
 j - 15 arrows
Armour
 b - a +0 robe (worn)
Scrolls
 f - a scroll of identify {unknown}
 g - a scroll of enchant weapon {unknown}
 h - 2 scrolls of amnesia {unknown}
 i - a scroll of fear {unknown}
 k - a scroll of remove curse {unknown}
 l - a scroll of teleportation {unknown}
 m - a scroll of magic mapping {unknown}
 n - a scroll of noise {unknown}
Potions
 e - a potion of flight {unknown}
Books
 c - a book of Maledictions

   Spells                             Type                      Level
   a - Corona                         Hexes                        1
   b - Ensorcelled Hibernation        Hexes/Ice                    2
   c - Confuse                        Hexes                        3
   d - Tukima's Dance                 Hexes                        3
   e - Dazzling Spray                 Conjuration/Hexes            3
Comestibles
 d - 3 rations


   Skills:
 + Level 1.1 Short Blades
 + Level 3.0 Dodging
 * Level 5.5 Stealth
 + Level 2.8 Spellcasting
 + Level 3.7 Hexes


You had 3 spell levels left.
You knew the following spells:

 Your Spells              Type           Power        Failure   Level  Hunger
a - Corona                Hex            ##.....      4%          1    #......
b - Ensorcelled Hibernat  Hex/Ice        #.....       13%         2    ##.....


Dungeon Overview and Level Annotations

Branches:
Dungeon (2/15)

Altars:

Annotations:
D:2 Jessica, Robin


Innate Abilities, Weirdness & Mutations

You are very small and have problems with some larger weapons.
You are too small for most types of armour.
You have supernaturally acute eyesight. (SInv)
You are a herbivore.
You cover ground extremely quickly.
You need consume almost no food.


Message History

Jessica blinks!
Jessica points at you and mumbles some strange words.
You feel yourself slow down.
Jessica grins evilly.
Jessica misses you.
Jessica mumbles some strange words.
Jessica blinks!
Jessica mumbles some strange words.
Jessica blinks!
Jessica looks very angry.
Jessica barely misses you.
Jessica mumbles something strange.
Jessica casts a spell at you. Pain shoots through your body!
You feel yourself speed up.
Jessica is no longer moving quickly.
Jessica gestures at you while chanting. Pain shoots through your body!
Ouch! That really hurt!
You die...

##########
#.#####....@...#
#...........#@#
#.#####.####.#.#
#.#
#.#.#############
#.#
#.#..............
#.#
#.###############
##.####>#
#.......#
#..######


You could see Jessica.

Vanquished Creatures
  A dart slug (D:1)
  A giant cockroach (D:1)
  A goblin (D:2)
  2 hobgoblins (D:2)
  4 kobolds
  2 frilled lizards (D:1)
  A rat (D:2)
12 creatures vanquished.

Notes
Turn   | Place    | Note
-------+----------+-------------------------------------------
     0 | D:1      | lyrx the Spriggan Enchanter began the quest for the Orb.
     0 | D:1      | Reached XP level 1. HP: 9/9 MP: 5/5
   388 | D:1      | Reached skill level 5 in Stealth
   881 | D:1      | Reached XP level 2. HP: 11/13 MP: 6/6
   998 | D:2      | Noticed Robin
  1269 | D:2      | Learned a level 2 spell: Ensorcelled Hibernation
  1272 | D:2      | Noticed Jessica
  1338 | D:2      | Killed from afar by Jessica

Skill      XL: |  1 |
---------------+----+-----
Stealth        | 5 |  5.5
Short Blades   | |  1.1
Dodging        | |  3.0
Spellcasting   | |  2.8
Hexes          | |  3.7

Action                   || total
-------------------------++-------
Melee: Dagger            ||    59
 Cast: Ensorcelled Hiber ||     2
 Stab: Sleeping          ||     4
Armor: Robe              ||     4
Dodge: Dodged            ||    35
